 Dungeon Crawl Stone Soup version 0.18-a0-721-g8fc53f4 (webtiles) character file.

10101 M4edhros the Covert (level 11, -8/63 HPs)
             Began as an Octopode Artificer on Dec 8, 2015.
             Was a Priest of Fedhas.
             Mangled by a troll (14 damage)
             ... on level 11 of the Dungeon on Dec 9, 2015.
             The game lasted 00:27:41 (9603 turns).

M4edhros the Covert (Octopode Artificer)            Turns: 9603, Time: 00:27:41

Health: -8/63      AC:  3    Str: 11    XL:     11   Next: 56%
Magic:  17/17      EV: 12    Int: 17    God:    Fedhas [***...]
Gold:   477        SH: 13    Dex: 13    Spells: 0 memorised, 10 levels left

rFire  . . .     SeeInvis .     u - +7 rapier of Dried Tears {venom, Stlth+}
rCold  . . .     Clarity  .     S - +0 large shield (curse)
rNeg   . . .     SustAt   +     (helmet restricted)
rPois  .         Gourm    .     m - amulet of dismissal
rElec  .         Spirit   .     G - ring of sustain attributes
rCorr  .         Dismiss  +     K - +2 ring of protection
rMut   .         Stasis   .     (no ring)
MR     .....                    (no ring)
Stlth  ++++++++..               (no ring)
                                (no ring)
                                (no ring)
                                (no ring)

@: vulnerable, very slightly contaminated, not resistant to hostile
enchantments, extraordinarily stealthy
A: almost no armour, amphibious, 8 rings, constrict 8, camouflage 1, breathe
flames 1, gelatinous body 1
a: Evolution, Sunlight, Growth, Renounce Religion, Breathe Fire


You were on level 11 of the Dungeon.
You worshipped Fedhas.
Fedhas was most pleased with you.
You were not hungry.

You visited 2 branches of the dungeon, and saw 12 of its levels.
You also visited: Sewer.

You collected 477 gold pieces.

Inventory:

Hand Weapons
 g - a +1 hunting sling
 t - the cursed +1 hand axe "Orb Guardian's Foe" {chop, rPois, unknown}
   (You found it on level 11 of the Dungeon)

   It inflicts extra damage upon your enemies.
   It protects you from poison.
   It has a curse placed upon it.
 u - the +7 rapier of Dried Tears (weapon) {venom, Stlth+}
   (You found it on level 5 of the Dungeon)

   It poisons the flesh of those it strikes.
   It makes you more stealthy.
 y - a +1 mace of protection
 E - a +0 blowgun
 L - a cursed -2 mace
Missiles
 n - 355 stones (quivered)
 o - 94 sling bullets
 F - 112 poisoned needles
 V - 10 exploding sling bullets
Armour
 S - a cursed +0 large shield (worn)
Jewellery
 m - an amulet of dismissal (around mantle)
 G - a ring of sustain attributes (left tentacle)
 K - a +2 ring of protection (right tentacle)
Wands
 a - a wand of fireball (6)
 b - a wand of flame (1)
 c - a wand of enslavement (0)
 d - a wand of random effects (0)
 f - a wand of cold (7)
 p - a wand of enslavement (0)
 v - a wand of lightning (7)
 C - a wand of flame (30)
 P - a wand of digging (16)
 X - a wand of random effects (3)
 Z - a wand of random effects (15)
Scrolls
 h - 2 scrolls of teleportation
 i - 5 scrolls of remove curse
 k - a scroll of fear
 w - 5 scrolls of immolation
 z - 2 scrolls of noise
 B - 3 scrolls of fog
Potions
 s - a potion of cancellation
 M - a potion of invisibility
Books
 A - a book of Hinderance

   Spells                             Type                      Level
   a - Confusing Touch                Hexes                        2
   b - Confuse                        Hexes                        3
   c - Gell's Gravitas                Hexes/Translocation          3
   d - Petrify                        Transmutation/Earth          4
   e - Metabolic Englaciation         Hexes/Ice                    5
   f - Yara's Violent Unravelling     Hexes/Transmutation          5
Comestibles
 e - 6 bread rations
 j - 10 fruits
 x - 2 beef jerkies
 Q - 2 meat rations


   Skills:
 - Level 1.0 Fighting
 - Level 1.0 Short Blades
 + Level 6.9 Slings
 + Level 7.1 Dodging
 * Level 13.5 Stealth
 * Level 6.3 Shields
 * Level 7.0 Invocations
 + Level 8.1 Evocations


You had 10 spell levels left.
You didn't know any spells.

Dungeon Overview and Level Annotations

Branches:
Dungeon (11/15)            Temple (1/1) D:7            Lair (0/8) D:8
    Orc: D:9-12

Altars:
Ashenzari
Cheibriados
Dithmenos
Elyvilon
Fedhas
Gozag
Kikubaaqudgha
Makhleb
Nemelex Xobeh
Okawaru
Pakellas
Qazlal
Ru
Sif Muna
Trog
Vehumet
Xom
Yredelemnul
Zin
The Shining One

Shops:
D:7 [

Annotations:
D:4 Crazy Yiuf
D:11 Fannar


Innate Abilities, Weirdness & Mutations

You cannot wear most types of armour.
You are amphibious.
You can wear up to eight rings at the same time.
You can use your tentacles to constrict eight enemies at once.
Your skin changes colour to match your surroundings (Stealth).
Your rubbery body absorbs attacks (AC +1).
You can breathe flames.


Message History

Unknown command.
Evoke which item? (* to show all) (? for menu, Esc to quit)
Zapping:
v - a wand of lightning (8)
Press: ? - help, Shift-Dir - straight line, f - yak
Aim: a yak (heavily wounded)
You hear a mighty clap of thunder!
The bolt of lightning hits something.
The bolt of lightning hits the yak.
You kill the yak!
Your Invocations skill increases to level 7!
The bolt of lightning hits the yak.
The yak is severely wounded.
The bolt of lightning hits the hungry ghost.
You destroy the hungry ghost!
This wand has 7 charges left.
Something shouts, "Fly, thou puking base-court blabberskite!"
Something bites you.
* * * LOW HITPOINT WARNING * * *
Something claws you!
You die...
Fedhas appreciates your contribution to the ecosystem.

,* ##a## #..._.o...,,,**** **
#..# ##......,.,,,* * #.##
*.....#**'*** * #.# *######**,* *
#.# *,.* ####+###### ####'##### *
* #.........# ###........# * *
#.........######.'))).(...# * ***
#.........'.@{.Y.#))....).##*
,,**#.........########.Y..)...)..
*,,,+.........# #...Y.(..###
****#.........# #.)......# *
#.........# #........#
########### #........# ##########


You could see a yak.

Vanquished Creatures
  Josephine (D:10)
  3 hill giants
  An ugly thing (D:11)
  A steam dragon (D:5)
  A troll (D:10)
  A two-headed ogre (D:9)
  2 wraiths (D:10)
  A hungry ghost (D:11)
  A deep elf mage (D:9)
  6 yaks
  4 hippogriffs
  3 orc warriors
  A water moccasin (D:11)
  Purgy (Sewer)
  4 black bears
  3 sky beasts
  2 ice beasts
  A necrophage (D:7)
  2 ogres (D:10)
  2 phantoms
  A big kobold (D:11)
  6 centaurs
  7 giant frogs
  4 scorpions
  A water moccasin skeleton (D:8)
  5 wights
  3 hounds
  2 crimson imps
  A giant frog zombie (D:5)
  2 jellies
  8 orc wizards
  3 centaur skeletons
  A giant frog skeleton (D:10)
  6 orc priests
  2 iguanas
  4 worker ants
  3 hound skeletons
  A worker ant zombie (D:5)
  9 adders
  4 gnolls (D:6)
  4 shadow imps
  4 oozes
  3 adder zombies
  2 adder skeletons
  2 worms
  The ghost of M4edhros the Charlatan, a weakling OpAr (D:3)
  4 giant geckos
  52 orcs
  14 bats
  8 goblins
  12 hobgoblins
  3 quokkas
  A ball python (D:8)
  5 giant cockroaches
  2 giant gecko skeletons
  6 giant newts
  A jackal skeleton (D:5)
  16 kobolds
  A quokka skeleton (D:4)
  A quokka zombie (D:5)
  7 rats
263 creatures vanquished.

Vanquished Creatures (collateral kills)
  A fire drake (D:8)
  6 yaks
  A steam dragon (D:5)
  A hungry ghost (D:10)
  3 wraiths (D:10)
  3 orc warriors
  A black bear (D:7)
  A centaur (D:11)
  A sky beast (D:8)
  8 wights (D:11)
  A quasit (D:11)
  3 orc priests
  A hound (D:8)
  An orc wizard (D:8)
  A hound zombie (D:11)
  A shadow imp (D:8)
  3 orcs
  A bat (D:3)
  A hobgoblin (D:3)
  A kobold (D:3)
  A toadstool (D:10)
41 creatures vanquished.

Vanquished Creatures (others)
  3 yaks
  A necrophage (D:10)
  A scorpion (D:4)
  9 wandering mushrooms
  177 toadstools
191 creatures vanquished.

Grand Total: 495 creatures vanquished

Notes
Turn   | Place    | Note
--------------------------------------------------------------
     0 | D:1      | M4edhros the Octopode Artificer began the quest for the Orb.
     0 | D:1      | Reached XP level 1. HP: 13/13 MP: 3/3
   104 | D:1      | Reached XP level 2. HP: 13/18 MP: 4/4
   482 | D:2      | Reached XP level 3. HP: 23/23 MP: 5/5
   553 | D:3      | Reached skill level 1 in Slings
   732 | D:3      | Noticed M4edhros's ghost (weakling OpAr)
   780 | D:4      | Reached XP level 4. HP: 23/28 MP: 6/6
   818 | D:4      | Reached skill level 4 in Evocations
  1372 | D:4      | Noticed a phantom
  1439 | D:5      | Entered Level 5 of the Dungeon
  1485 | D:5      | Got an iridescent rapier
  1486 | D:5      | Identified the +7 rapier of Dried Tears {venom, Stlth+} (You found it on level 5 of the Dungeon)
  1524 | D:5      | Reached XP level 5. HP: 27/33 MP: 8/8
  1590 | D:5      | Noticed a sky beast
  1603 | D:5      | Killed a sky beast
  1603 | D:5      | Reached skill level 5 in Stealth
  1603 | D:5      | Reached XP level 6. HP: 21/38 MP: 9/9
  1607 | D:5      | Gained mutation: Your spells are a little easier to cast, but a little less powerful. [mutagenic meat]
  1608 | D:5      | Gained mutation: You can breathe flames. [mutagenic meat]
  1609 | D:5      | Gained mutation: You are resistant to hostile enchantments. [mutagenic meat]
  1611 | D:5      | Gained mutation: You are robust (+10% HP). [mutagenic meat]
  2103 | D:5      | Reached skill level 6 in Stealth
  2141 | D:5      | Reached XP level 7. HP: 45/47 MP: 10/10
  2315 | D:5      | Noticed a steam dragon
  2317 | D:5      | Noticed a steam dragon
  2332 | D:5      | Killed a steam dragon
  2354 | D:5      | Killed a steam dragon
  2354 | D:5      | Reached skill level 7 in Stealth
  2354 | D:5      | Reached skill level 5 in Evocations
  2640 | D:6      | Gained mutation: You have a pair of small antennae on your head. [mutagenic meat]
  2641 | D:6      | Gained mutation: You are clumsy. (Dex -2) [mutagenic meat]
  2769 | D:6      | Reached skill level 8 in Stealth
  2769 | D:6      | Reached XP level 8. HP: 52/52 MP: 11/11
  3055 | D:6      | Found a glowing drain.
  3062 | Sewer    | Entered a sewer
  3068 | Sewer    | Noticed Purgy
  3071 | Sewer    | Killed Purgy
  3071 | Sewer    | Reached skill level 9 in Stealth
  3707 | D:7      | Found a radiant altar of Vehumet.
  3710 | D:7      | Reached skill level 10 in Stealth
  3746 | D:7      | Found a staircase to the Ecumenical Temple.
  3752 | D:7      | Reached skill level 5 in Dodging
  3758 | D:7      | Reached XP level 9. HP: 35/58 MP: 13/13
  3764 | Temple   | Entered the Ecumenical Temple
  3798 | Temple   | Became a worshipper of Xom of Chaos
  3820 | Temple   | Fell from the grace of Xom
  3820 | Temple   | Became a worshipper of Fedhas Madash
  3938 | D:4      | Reached skill level 5 in Slings
  4105 | D:4      | Found a shimmering altar of Xom.
  4209 | D:4      | Noticed Crazy Yiuf
  4293 | D:3      | XOM: medium Necr miscast
  4532 | D:2      | Reached * piety under Fedhas
  5410 | D:1      | XOM: mild Erth miscast
  5575 | D:3      | XOM: vitrification
  5604 | D:3      | Reached ** piety under Fedhas
  5725 | D:3      | Killed M4edhros's ghost
  6204 | D:7      | Found a shadowy altar of Dithmenos.
  6416 | D:7      | Reached skill level 1 in Invocations
  6508 | D:7      | Found Nufulaz's Antique Armour Boutique.
  6567 | D:7      | Reached skill level 1 in Shields
  6568 | D:7      | Reached skill level 11 in Stealth
  6629 | D:7      | XOM: mild Erth miscast
  7060 | D:8      | XOM: mild Hex miscast
  7120 | D:8      | Gained mutation: Your mind is acute. (Int +2) [mutagenic meat]
  7122 | D:8      | Gained mutation: You have a pair of antennae on your head. [mutagenic meat]
  7123 | D:8      | Lost mutation: Your spells are a little easier to cast, but a little less powerful. [mutagenic meat]
  7124 | D:8      | Lost mutation: You are clumsy. (Dex -2) [mutagenic meat]
  7125 | D:8      | Gained mutation: Your magical capacity is low (-10% MP). [mutagenic meat]
  7157 | D:8      | Noticed a fire drake
  7161 | D:8      | Found a staircase to the Lair.
  7166 | D:8      | Killed a fire drake
  7381 | D:8      | XOM: polymorph wandering mushroom -> wandering mushroom
  7419 | D:8      | XOM: mild Summ miscast
  7478 | D:8      | Reached XP level 10. HP: 26/63 MP: 13/13
  7604 | D:8      | XOM: medium Necr miscast
  7613 | D:8      | Reached *** piety under Fedhas
  7690 | D:9      | Found a snail-covered altar of Cheibriados.
  7720 | D:9      | Reached skill level 12 in Stealth
  7826 | D:9      | XOM: noise
  7976 | D:9      | Lost mutation: Your mind is acute. (Int +2) [potion of cure mutation]
  7976 | D:9      | Lost mutation: You are resistant to hostile enchantments. [potion of cure mutation]
  7976 | D:9      | Lost mutation: You are robust (+10% HP). [potion of cure mutation]
  7976 | D:9      | Lost mutation: Your magical capacity is low (-10% MP). [potion of cure mutation]
  7976 | D:9      | Lost mutation: You have a pair of antennae on your head. [potion of cure mutation]
  7976 | D:9      | Lost mutation: You have a pair of small antennae on your head. [potion of cure mutation]
  8449 | D:9      | Found a stormy altar of Qazlal.
  8552 | D:10     | Entered Level 10 of the Dungeon
  8606 | D:10     | Noticed Josephine
  8663 | D:10     | Reached skill level 5 in Invocations
  8834 | D:10     | XOM: harmless Pois miscast
  8895 | D:10     | Killed Josephine
  8895 | D:10     | Reached skill level 5 in Shields
  8916 | D:10     | Reached XP level 11. HP: 20/63 MP: 16/16
  8930 | D:10     | HP: 3/63 [wraith[Josephine] (2)]
  9018 | D:10     | XOM: noise
  9040 | D:10     | Noticed a hill giant
  9049 | D:10     | Reached skill level 13 in Stealth
  9075 | D:10     | Noticed a hill giant
  9079 | D:10     | XOM: mild Trmt miscast
  9081 | D:10     | Killed a hill giant
  9090 | D:10     | Killed a hill giant
  9173 | D:11     | Got a twisted hand axe
  9208 | D:11     | Noticed Fannar
  9217 | D:11     | XOM: silly message
  9263 | D:11     | Found a shattered altar of Ashenzari.
  9300 | D:11     | Noticed a hill giant
  9305 | D:11     | Killed a hill giant
  9510 | D:11     | XOM: divination: detect items
  9572 | D:11     | XOM: harmless Fire miscast
  9602 | D:11     | XOM: silly message
  9603 | D:11     | Mangled by a troll

Vault maps used:
D:1:      minmay_arrival_loop
D:2:      first_bread
D:3:      kennysheep_generic_room_16
D:4:      st_stairs_8, minivault_19, xom_confusion_cloud,
          uniq_crazy_yiuf_cottage
D:5:      kennysheep_steamy
D:6:      lightli_sewer_entry_pipes
D:7:      vehumet_crystals, temple_statues, serial_shops, shop, basic_altar
D:8:      minmay_lair_entry_lava
D:9:      lemuel_doored_altar, nicolae_qazlal_eye_of_the_storm
D:10:     eino_tiny_chamber, uniq_josephine
D:11:     basic_altar, grunt_livestock, eino_jars, uniq_fannar, uniq_psyche
Temple:   grunt_circular_temple_18
Sewer:    kennysheep_door_sewer

Action                   |  1- 3 |  4- 6 |  7- 9 | 10-12 || total
-------------------------+-------+-------+-------+-------++-------
Melee: Short sword       |    69 |    29 |       |       ||    98
       Rapier            |       |    39 |   214 |   144 ||   397
 Fire: Hunting sling     |       |       |       |     2 ||     2
Invok: Evolution         |       |       |     4 |     5 ||     9
       Sunlight          |       |       |     1 |     3 ||     4
 Abil: Breathe Fire      |       |     1 |       |       ||     1
Evoke: Wand              |     5 |     4 |    15 |    46 ||    70
  Use: Potion            |       |       |     7 |    13 ||    20
       Scroll            |       |       |       |    15 ||    15
 Stab: Sleeping          |    12 |     5 |    55 |    26 ||    98
       Distracted        |     1 |       |       |       ||     1
       Confused          |       |       |     1 |     1 ||     2
       Paralysed         |       |       |       |     4 ||     4
  Eat: Chunk             |       |     8 |    14 |       ||    22
       Meat ration       |       |       |     2 |     2 ||     4
       Pizza             |       |       |     1 |       ||     1
